 Dungeon Crawl Stone Soup version 0.26-a0-665-gefeb406119 (webtiles) character file.

Game seed: 18335819422142464228

172 Elric the Chiller (level 5, 0/35 HPs)
             Began as a Merfolk Ice Elementalist on Oct 13, 2020.
             Slain by a bullfrog skeleton (3 damage)
             ... on level 4 of the Dungeon on Oct 14, 2020.
             The game lasted 00:08:35 (4175 turns).

Elric the Chiller (Merfolk Ice Elementalist)        Turns: 4175, Time: 00:08:36

Health: 0/35       AC:  2    Str:  8    XL:     5   Next: 52%
Magic:  2/9        EV: 13    Int: 16    God:
Gold:   177        SH:  0    Dex: 14    Spells: 3/10 levels left

rFire    . . .     SeeInvis .   n - +0 mace
rCold    . . .     Faith    .   (no shield)
rNeg     . . .     Spirit   .   a - +0 robe
rPois    .         Reflect  .   (no helmet)
rElec    .         Harm     .   (no cloak)
rCorr    .         Rampage  .   (no gloves)
MR       .....                  (no boots)
Stlth    ++........             (no amulet)
HPRegen  0.11/turn              (no ring)
MPRegen  0.11/turn              (no ring)

@: no status effects
A: change form in water, swift swim, stealthy swim
a: no special abilities


You were on level 4 of the Dungeon.
You visited 1 branch of the dungeon, and saw 4 of its levels.

You collected 177 gold pieces.

Inventory:

Hand Weapons
 n - a +0 mace (weapon)
Armour
 a - a +0 robe (worn)
 h - a cursed +0 scale mail
Wands
 j - a wand of iceblast (4)
Scrolls
 b - 5 scrolls of remove curse
 c - 3 scrolls of identify {unknown}
 d - 5 scrolls of teleportation
 e - 3 scrolls of fear
 i - a scroll of blinking {unknown}
 k - a scroll of amnesia
 l - a scroll of magic mapping
 m - a scroll of immolation {unknown}
Potions
 f - 2 potions of curing {unknown}
 g - a potion of mutation {unknown}


   Skills:
 - Level 3.0 Dodging
 - Level 2.4 Stealth
 + Level 3.2 Spellcasting
 * Level 6.3 Ice Magic


You had 3 spell levels left.
You knew the following spells:

 Your Spells              Type           Power        Failure   Level
a - Freeze                Ice            ###.         1%          1
b - Frozen Ramparts       Ice            ###...       4%          3
c - Ozocubu's Armour      Ice            ###.....     4%          3

Your spell library contained the following spells:

 Spells                   Type           Power        Failure   Level
 Hailstorm                Conj/Ice       ##......     45%         4
 Summon Ice Beast         Ice/Summ       ##......     45%         4


Dungeon Overview and Level Annotations

Branches:
Dungeon (4/15)
 Temple: D:4-7

Altars:


Message History

* * * LOW HITPOINT WARNING * * *
You hit the bullfrog skeleton.
The bullfrog skeleton is almost destroyed.
The bullfrog skeleton closely misses you.
The bullfrog skeleton hits you.
* * * LOW HITPOINT WARNING * * *
Casting: Freeze (safe; 1% risk of failure)
Confirm with . or Enter, or press ? or * to list all spells.
Aiming: Freeze (safe; 1% risk of failure)
Press: ? - help, Shift-Dir - straight line, f/p - bullfrog skeleton
Aim: a bullfrog skeleton (almost destroyed)
The bullfrog skeleton resists.
You freeze the bullfrog skeleton.
The bullfrog skeleton is almost destroyed.
The bullfrog skeleton hits you.
* * * LOW HITPOINT WARNING * * *
The bullfrog skeleton barely misses you.
You barely miss the bullfrog skeleton.
The bullfrog skeleton is almost destroyed.
The bullfrog skeleton hits you.
You die...

#.................<....#
#.......####..####.....#
#.............# #[#####
###...#.#####..# ##..#####
#.......)..##### #.......#
#..........# #.......#
#..........#######.......#
#..........##....รท.......#
#..........Z@.####......(#
#..........#### #..(......
#..........# ########..
#.........<# ..
#..........# #..........#
############


You could see a bullfrog skeleton.

Vanquished Creatures
  4 gnolls
  5 adders
  4 worms
  A dart slug (D:1)
  A leopard gecko (D:1)
  An orc (D:3)
  2 ball pythons
  2 giant cockroaches
  6 goblins
  8 hobgoblins
  10 jackals
  4 quokkas (D:2)
  8 bats
  5 frilled lizards
  6 kobolds
  7 rats
74 creatures vanquished.

Vanquished Creatures (others)
  27 plants (D:2)
27 creatures vanquished.

Grand Total: 101 creatures vanquished

Notes
Turn   | Place    | Note
-------+----------+-------------------------------------------
     0 | D:1      | Elric the Merfolk Ice Elementalist began the quest for the
                  | Orb.
     0 | D:1      | Reached XP level 1. HP: 13/13 MP: 3/3
   185 | D:1      | Reached XP level 2. HP: 10/19 MP: 0/5
   875 | D:1      | Reached XP level 3. HP: 24/24 MP: 3/6
   880 | D:1      | Learned a level 3 spell: Frozen Ramparts
  1228 | D:2      | Reached skill level 5 in Ice Magic
  1784 | D:2      | Reached XP level 4. HP: 21/30 MP: 0/8
  2255 | D:2      | Learned a level 3 spell: Ozocubu's Armour
  2754 | D:3      | Reached XP level 5. HP: 35/35 MP: 5/9
  3006 | D:3      | Reached skill level 6 in Ice Magic
  4175 | D:4      | Slain by a bullfrog skeleton

Illustrated notes

Levels and vault maps discovered:
D:1:      dpeg_arrival_ratfight, layout_loops_ring
D:2:      wad_woods_tower, layout_basic
D:3:      layout_basic
D:4:      layout_rooms, nicolae_qazlal_general_emergency, gup_sewer_entry_glass,
          grunt_ministairs_13, uniq_duvessa

Skill      XL: |  1  2  3  4  5 |
---------------+----------------+-----
Dodging        | 3 |  3.0
Ice Magic      | 5 6 |  6.3
Spellcasting   | 3 |  3.2
Stealth        | |  2.4

Action                   |  1- 3 |  4- 6 || total
-------------------------+-------+-------++-------
Melee: Unarmed           |     1 |     4 ||     5
       Mace              |       |     8 ||     8
 Cast: Freeze            |    53 |    37 ||    90
       Frozen Ramparts   |     6 |    20 ||    26
       Ozocubu's Armour  |       |     1 ||     1
  Use: Scroll            |     5 |       ||     5
Armor: Robe              |    13 |     1 ||    14
Dodge: Dodged            |    58 |    54 ||   112

Table legend: (Time is in decaauts)
 A = Elapsed time spent in this place.
 B = Non-inter-level travel time spent in this place.
 C = Inter-level travel time spent in this place.
 D = Time resting spent in this place.
 E = Time spent auto-exploring this place.
 F = Levels seen in this place.
 G = Mean time per level.
                   A        B        C        D        E       F      G
               +--------+--------+--------+--------+--------+-----+--------+
         Total |   4178 |   4107 |     71 |      0 |   3374 |   4 | 1044.5 |
       Dungeon |   4178 |   4107 |     71 |      0 |   3374 |   4 | 1044.5 |
               +--------+--------+--------+--------+--------+-----+--------+

Top non-repeatable levels by time:
     D:2: 1500 daAuts
     D:3: 1339 daAuts
     D:1: 1172 daAuts
     D:4: 166 daAuts
